Map: Arctic Gates

Players

honkeyslap

  • Race: Protoss Protoss
  • League: Silver
  • Spawn Location: 3:00

shumanchu

  • Race: Terran Terran
  • Spawn Location: 0:00

Metasapien

  • Race: Protoss Protoss
  • League: Platinum
  • Spawn Location: 0:00

Kswiss

  • Race: Protoss Protoss
  • Spawn Location: 9:00

VOD

Have the link to the VOD?

Description

Time

  • Played on: Sept. 18, 2017, 11:14 p.m.
  • Length: 21:12
Show
View Real Time Build Order
Export as new Build Order

honkeyslap Protoss 

Build Orders: Blink Stalkers 

Get SALT Encoding   

  12  0:01  Probe (Chrono Boost)  
  13  0:14  Pylon  
  13  0:18  Probe (Chrono Boost)  
  15  0:28  Probe (Chrono Boost)  
  15  0:36  Gateway  
  15  0:40  Probe (Chrono Boost)  
  16  0:46  Assimilator  
  16  0:51  Probe (Chrono Boost)  
  17  1:01  Assimilator  
  17  1:03  Probe (Chrono Boost)  
  18  1:13  Probe (Chrono Boost)  
  19  1:23  Cybernetics Core  
  19  1:24  Probe (Chrono Boost)  
  20  1:32  Gateway  
  20  1:35  Probe (Chrono Boost)  
  21  1:46  Probe (Chrono Boost)  
  22  1:57  Probe (Chrono Boost)  
  22  2:00  Warp Gate  
  23  2:01  Pylon  
  23  2:07  Robotics Facility  
  23  2:19  Stalker  
  25  2:26  Stalker  
  27  2:36  Twilight Council  
  27  2:44  Pylon  
  27  2:51  Stalker  
  27  2:55  Observer  
  30  3:02  Stalker  
  32  3:13  Pylon  
  32  3:26  Blink (Chrono Boost)  
  32  3:34  Stalker  
  34  4:05  Nexus  
  34  4:11  Immortal  
  38  4:33  Stalker  
  38  4:34  Stalker  
  42  4:54  Immortal  
  46  5:01  Pylon  
  46  5:03  Pylon  
  46  5:16  Forge  
  46  5:23  Pylon  
  46  5:35  Robotics Bay  
  46  5:44  Immortal  
  50  5:52  Assimilator  
  50  6:07  Photon Cannon  
  50  6:22  Protoss Ground Weapons Level 1 (Chrono Boost)  
  50  6:34  Probe  
  50  6:38  Probe  
  52  6:43  Extended Thermal Lance  
  52  6:45  Probe  
  53  6:59  Robotics Facility  
  53  7:14  Colossus (Chrono Boost)  
  59  7:23  Probe  
  60  7:35  Assimilator  
  60  7:39  Probe  
  61  7:50  Probe  
  67  7:53  Colossus (Chrono Boost)  
  68  7:59  Stalker  
  68  8:00  Probe, Stalker  
  73  8:11  Probe  
  74  8:23  Stalker  
  76  8:27  Pylon, Protoss Ground Weapons Level 2 (Chrono Boost)  
  76  8:34  Stalker  
  76  8:36  Probe  
  79  8:50  Stalker  
  81  9:11  Probe  
  82  9:18  Stalker  
  82  9:19  Stalker  
  82  9:21  Probe, Pylon  
  87  9:25  Gateway  
  87  9:28  Pylon  
  87  9:29  Gateway  
  87  9:56  Probe  
  88  10:06  Probe  
  88  10:11  Nexus  
  89  10:21  Probe  
  90  10:35  Assimilator  
  90  10:41  Assimilator  
  86  11:28  Probe  
  87  11:33  Stalker  
  87  11:34  Stalker x3  
  87  11:39  Probe  
  95  11:40  Protoss Ground Weapons Level 3 (Chrono Boost)  
  95  11:44  Forge  
  96  11:49  Probe  
  96  11:50  Forge  
  96  11:53  Cybernetics Core  
  97  12:00  Probe  
  97  12:05  Cybernetics Core  
  98  12:08  Stalker  
  98  12:09  Stalker x2  
  98  12:12  Stalker  
  106  12:54  Probe  
  107  13:00  Protoss Air Weapons Level 1  
  107  13:04  Probe  
  107  13:06  Stargate  
  107  13:08  Stargate  
  107  13:10  Stargate  
  108  13:15  Probe, Stargate, Protoss Shields Level 1 (Chrono Boost)  
  109  13:28  Pylon  
  109  13:52  Fleet Beacon  
  109  13:54  Pylon  
  89  15:06  Carrier x3  
  89  15:07  Carrier  
  73  15:37  Stalker  
  73  15:38  Stalker x3  
  77  15:49  Protoss Ground Armor Level 1 (Chrono Boost)  
  77  15:53  Protoss Air Weapons Level 2  
  76  16:04  Stalker x2  
  76  16:05  Stalker x2  
  84  16:23  Mothership Core  
  84  16:31  Tempest  
  84  16:32  Tempest x3  
  110  16:47  Stalker x4  
  118  17:13  Protoss Air Armor Level 1  
  118  17:21  Stalker x2  
  118  17:22  Stalker x2  
  126  17:28  Tempest  
  132  17:34  Pylon  
  132  17:37  Pylon  
  132  17:40  Pylon  
  132  17:51  Void Ray, Pylon  
  132  17:54  Pylon  
  132  17:57  Probe  
  137  18:06  Carrier x2  
  137  18:10  Probe, Graviton Catapult  
  150  18:34  Nexus  
  150  19:34  Tempest x2  
  150  19:35  Tempest  
  168  19:40  Pylon  
  168  19:42  Pylon  
  168  19:43  Pylon  
  168  19:45  Tempest  
Show
View Real Time Build Order
Export as new Build Order

shumanchu Terran 

Build Orders: 1/1/1 

Get SALT Encoding   

  12  0:01  SCV  
  13  0:14  SCV  
  13  0:21  Supply Depot  
  14  0:27  SCV  
  15  0:39  Refinery  
  15  0:43  SCV  
  15  0:47  Barracks  
  16  0:55  SCV  
  17  1:08  SCV  
  18  1:20  SCV  
  18  1:22  Refinery  
  19  1:34  Marine  
  19  1:36  SCV  
  21  1:43  Factory  
  21  1:51  SCV  
  22  1:56  Supply Depot  
  22  2:01  Marine  
  23  2:13  Command Center  
  23  2:19  Marine  
  24  2:29  Starport  
  24  2:35  Factory Reactor  
  24  2:43  SCV  
  25  2:45  Barracks Tech Lab  
  25  2:50  Supply Depot  
  25  2:55  SCV  
  26  3:04  Marauder  
  28  3:06  Concussive Shells  
  28  3:28  Factory Tech Lab  
  28  3:34  Marauder  
  30  3:35  Medivac x2  
  34  3:43  Engineering Bay  
  34  3:48  Engineering Bay  
  34  3:56  SCV  
  34  3:57  SCV  
  36  4:04  Marauder  
  38  4:10  Widow Mine  
  34  4:31  SCV  
  34  4:32  Missile Turret  
  34  4:34  SCV  
  35  4:45  SCV  
  36  4:46  SCV  
  37  4:59  Orbital Command  
  37  5:06  SCV  
  38  5:18  SCV  
  38  5:19  Terran Infantry Weapons Level 1  
  38  5:20  Terran Infantry Armor Level 1  
  39  5:28  Missile Turret  
  39  5:30  SCV  
  40  5:38  Marauder  
  40  5:42  SCV  
  43  5:46  Barracks  
  43  5:49  Medivac  
  45  5:54  SCV  
  45  5:56  SCV  
  47  6:07  SCV  
  47  6:08  SCV  
  47  6:10  Widow Mine  
  51  6:14  Stimpack  
  51  6:15  Marine  
  52  6:24  SCV  
  53  6:30  Supply Depot  
  53  6:33  Marine  
  53  6:36  SCV, Barracks Reactor  
  53  6:39  Widow Mine  
  57  6:41  Barracks  
  57  6:53  Refinery  
  57  6:55  Refinery  
  57  7:20  Barracks  
  57  7:27  Planetary Fortress, Barracks  
  57  7:31  Marine x2  
  57  7:32  Marine  
  57  7:33  Barracks Tech Lab  
  60  7:37  Starport  
  60  7:43  Armory  
  60  7:45  SCV  
  60  7:49  Marine x2  
  63  7:57  SCV  
  64  8:09  SCV  
  59  8:22  Starport Reactor  
  59  8:25  Viking x2  
  61  8:30  Marine x5  
  61  8:31  Marine  
  67  8:37  Supply Depot  
  67  8:44  Terran Ship Weapons Level 1  
  67  8:48  Marine x3  
  70  8:58  Viking x2, Marine x3  
  70  9:02  Terran Infantry Weapons Level 2, Supply Depot  
  77  9:11  Supply Depot  
  77  9:13  Barracks Reactor  
  77  9:19  Viking  
  77  9:23  Barracks Tech Lab  
  70  9:56  Viking x2  
  70  9:57  Viking x2  
  76  10:26  Medivac, Command Center  
  71  10:51  Marauder x3  
  71  10:53  Marine x2  
  61  11:04  Terran Infantry Armor Level 2  
  60  11:12  Marauder x3  
  60  11:15  Marine x2  
  68  11:20  Supply Depot  
  66  11:31  Viking  
  68  11:33  Marauder  
  70  11:45  SCV  
  71  11:54  Terran Ship Weapons Level 2  
  71  11:57  SCV  
  72  12:09  SCV  
  73  12:22  SCV  
  72  12:34  SCV  
  72  12:36  Marine x6  
  77  12:37  Marauder  
  72  12:51  SCV x2  
  72  12:54  Marauder  
  72  12:55  Marauder  
  79  12:58  Marauder  
  79  13:03  Medivac x2, SCV x2  
  85  13:15  SCV x2  
  85  13:16  Marauder  
  89  13:24  Marine x5  
  89  13:25  Marine  
  95  13:32  Supply Depot  
  95  13:35  Orbital Command  
  95  13:37  Marine  
  96  13:43  Marauder  
  98  13:50  Marine x4  
  98  13:53  Marine  
  98  13:54  Marine  
  104  13:57  Supply Depot  
  104  14:04  Marine  
  104  14:07  Refinery  
  105  14:11  Refinery  
  105  14:44  Marine x7  
  105  14:45  Viking x2  
  107  14:46  Viking x2  
  90  15:01  Marine  
  90  15:02  Marine x3  
  94  15:15  Medivac x3  
  94  15:16  Medivac  
  102  15:35  Marine x3  
  102  15:36  Marine x3  
  108  15:45  Medivac, Viking x2  
  108  15:46  Medivac  
  116  15:57  Marine x2  
  118  16:25  Supply Depot  
  118  16:28  Marauder x3, Marine x2  
  118  16:29  Supply Depot  
  126  16:50  Marauder x3  
  105  17:11  Marauder x3  
  105  17:13  Marine x4  
  114  17:20  Command Center  
  113  17:30  Marine x2  
  113  17:31  Marine x2  
  113  17:32  Marine x2  
  113  17:33  Marauder  
  113  17:34  Viking x3  
  127  17:48  Marine x2, Supply Depot  
  119  18:24  Marauder x3  
  125  18:34  Supply Depot  
  125  18:45  Marauder x3  
  131  18:58  SCV x2  
  112  19:28  Viking x2  
  107  20:45  Marine x6  
Show
View Real Time Build Order
Export as new Build Order

Metasapien Protoss 

Build Orders:  

Get SALT Encoding   

  12  0:02  Probe (Chrono Boost)  
  13  0:13  Probe (Chrono Boost)  
  14  0:30  Pylon  
  14  0:40  Assimilator  
  15  0:42  Probe (Chrono Boost)  
  15  0:53  Probe (Chrono Boost), Gateway  
  16  1:04  Probe (Chrono Boost)  
  17  1:14  Probe (Chrono Boost)  
  18  1:20  Assimilator  
  18  1:25  Probe (Chrono Boost)  
  19  1:31  Pylon  
  19  1:35  Probe (Chrono Boost)  
  20  1:45  Probe (Chrono Boost)  
  21  1:48  Zealot (Chrono Boost)  
  23  2:03  Cybernetics Core  
  23  2:09  Forge  
  23  2:12  Gateway  
  23  2:18  Pylon  
  23  2:23  Zealot (Chrono Boost)  
  23  2:25  Probe (Chrono Boost)  
  26  2:36  Probe (Chrono Boost)  
  27  2:46  Warp Gate  
  27  2:57  Pylon  
  27  3:03  Stalker x2  
  31  3:27  Robotics Facility  
  31  3:34  Stalker  
  31  3:35  Gateway  
  31  3:37  Sentry  
  35  3:58  Mothership Core (Chrono Boost)  
  37  4:08  Nexus  
  37  4:15  Pylon  
  37  4:23  Stalker  
  39  4:31  Sentry  
  41  4:34  Stalker  
  43  4:41  Assimilator  
  43  5:02  Probe (Chrono Boost)  
  43  5:03  Twilight Council  
  44  5:13  Probe (Chrono Boost)  
  45  5:21  Pylon  
  45  5:23  Probe (Chrono Boost)  
  46  5:30  Probe (Chrono Boost), Photon Cannon  
  46  5:34  Probe (Chrono Boost)  
  48  5:41  Probe (Chrono Boost)  
  49  5:44  Probe (Chrono Boost)  
  49  5:47  Assimilator  
  50  5:51  Probe (Chrono Boost)  
  50  5:53  Stalker  
  50  5:55  Probe (Chrono Boost)  
  54  5:58  Blink  
  54  6:02  Probe (Chrono Boost)  
  55  6:12  Probe (Chrono Boost)  
  56  6:23  Probe (Chrono Boost), Pylon  
  56  6:24  Probe (Chrono Boost)  
  58  6:33  Probe (Chrono Boost)  
  58  6:34  Probe (Chrono Boost)  
  58  6:37  Pylon  
  58  6:38  Stalker  
  62  6:44  Stalker  
  62  6:45  Probe (Chrono Boost)  
  65  6:55  Probe (Chrono Boost)  
  66  7:06  Probe (Chrono Boost)  
  67  7:10  Stalker x2  
  67  7:11  Stalker  
  73  7:17  Probe (Chrono Boost)  
  73  7:20  Probe (Chrono Boost)  
  75  7:24  Pylon  
  75  7:27  Probe (Chrono Boost)  
  75  7:29  Gateway  
  76  7:33  Immortal (Chrono Boost)  
  80  7:37  Probe x2 (Chrono Boost)  
  80  7:43  Protoss Shields Level 1  
  82  7:51  Sentry x2  
  84  7:53  Stalker  
  84  7:54  Probe  
  89  8:08  Pylon  
  82  8:20  Probe (Chrono Boost)  
  81  8:31  Probe (Chrono Boost), Photon Cannon  
  82  8:35  Photon Cannon  
  82  8:39  Pylon  
  82  8:41  Probe (Chrono Boost)  
  82  8:48  Stalker x2  
  84  8:49  Warp Prism, Stalker  
  84  8:52  Probe (Chrono Boost)  
  91  9:02  Probe (Chrono Boost)  
  92  9:08  Nexus  
  92  9:10  Stalker  
  92  9:15  Pylon  
  94  9:18  Assimilator  
  94  9:23  Observer  
  94  9:24  Assimilator  
  95  9:41  Observer  
  96  9:48  Photon Cannon  
  96  10:01  Pylon  
  96  10:06  Pylon  
  96  10:21  Stalker  
  96  10:22  Stalker x3  
  104  10:35  Protoss Ground Weapons Level 1  
  56  11:15  Stalker  
  56  11:16  Stalker x3  
  58  11:26  Probe (Chrono Boost)  
  58  11:27  Probe (Chrono Boost)  
  60  11:33  Probe (Chrono Boost)  
  60  11:37  Probe (Chrono Boost)  
  63  11:40  Probe (Chrono Boost), Stalker x2  
  63  11:41  Sentry x2  
  63  11:44  Probe (Chrono Boost)  
  63  11:47  Probe (Chrono Boost), Charge  
  72  11:52  Probe (Chrono Boost)  
  74  11:55  Probe (Chrono Boost)  
  75  12:04  Probe (Chrono Boost), Sentry  
  75  12:05  Probe (Chrono Boost), Stalker x3  
  75  12:06  Immortal  
  89  12:16  Probe (Chrono Boost)  
  89  12:22  Templar Archives  
  90  12:25  Pylon  
  90  12:38  Stalker x2  
  90  12:39  Stalker x2  
  90  12:41  Immortal  
  102  13:07  Gateway  
  102  13:09  Gateway  
  102  13:10  Gateway  
  102  13:15  Immortal  
  102  13:24  High Templar  
  102  13:25  High Templar  
  102  13:26  High Templar  
  112  13:27  High Templar  
  114  14:07  Stalker  
  114  14:08  Stalker  
  118  14:21  Stalker x2  
  118  14:22  Stalker  
  118  14:23  Stalker x2  
  128  14:30  Archon  
  128  14:31  Archon  
  53  15:00  Zealot x3  
  53  15:01  Zealot  
  43  15:14  Nexus  
  32  15:22  Zealot x2  
  27  15:28  Zealot x2  
  31  15:49  Assimilator  
  31  15:53  Assimilator  
  30  16:06  Nexus  
  30  16:13  Probe  
  31  16:25  Probe, Pylon  
  32  16:37  Probe  
  32  16:38  Pylon  
  33  16:40  Pylon  
  33  16:48  Gateway  
  33  16:54  Gateway  
  33  17:01  Cybernetics Core  
  33  17:03  Immortal  
  33  17:05  Forge  
  33  17:06  Forge  
  37  17:19  Probe  
  38  17:30  Probe  
  39  17:37  Immortal  
  39  17:40  Probe  
  39  17:43  Stalker x2  
  48  17:48  Sentry x2  
  48  17:49  Sentry x2  
  56  17:51  Probe  
  57  18:02  Probe  
  57  18:11  Immortal  
  51  18:20  Pylon  
  51  18:21  Probe  
  51  18:24  Pylon  
  51  18:25  Protoss Ground Armor Level 1 (Chrono Boost)  
  52  18:28  Pylon  
  52  18:32  Probe  
  53  18:36  Pylon  
  53  18:40  Mothership Core  
  55  18:42  Probe  
  55  18:44  Stalker  
  55  18:47  Stalker x3  
  55  18:48  Stalker x4  
  70  18:53  Probe  
  63  19:03  Probe  
  37  19:21  Photon Cannon  
  37  19:22  Photon Cannon  
  34  19:25  Photon Cannon  
  28  19:38  Probe  
  29  19:49  Probe  
  30  19:59  Probe  
  21  20:08  Stalker  
  21  20:09  Stalker  
  21  20:12  Sentry  
Show
View Real Time Build Order
Export as new Build Order

Kswiss Protoss 

Build Orders: Oracle Opening 

Get SALT Encoding   

  12  0:01  Probe (Chrono Boost)  
  13  0:12  Probe (Chrono Boost)  
  14  0:20  Pylon  
  14  0:24  Probe (Chrono Boost)  
  15  0:38  Probe (Chrono Boost)  
  16  0:45  Gateway  
  16  0:49  Probe (Chrono Boost)  
  17  0:59  Probe (Chrono Boost)  
  17  1:00  Forge  
  18  1:09  Assimilator  
  18  1:10  Probe (Chrono Boost)  
  19  1:20  Probe (Chrono Boost)  
  20  1:31  Probe (Chrono Boost)  
  21  1:38  Cybernetics Core  
  21  1:41  Photon Cannon  
  21  1:45  Pylon  
  21  1:52  Zealot (Chrono Boost)  
  23  2:03  Probe  
  24  2:09  Photon Cannon  
  24  2:18  Zealot (Chrono Boost)  
  25  2:35  Stargate  
  25  2:36  Assimilator  
  25  2:37  Probe  
  26  2:49  Probe  
  27  3:01  Probe  
  27  3:04  Photon Cannon  
  28  3:10  Pylon  
  28  3:18  Oracle (Chrono Boost)  
  31  3:28  Zealot  
  33  3:36  Pylon  
  33  3:45  Photon Cannon  
  33  3:50  Void Ray (Chrono Boost)  
  37  4:04  Protoss Air Weapons Level 1 (Chrono Boost)  
  37  4:47  Void Ray (Chrono Boost)  
  41  4:55  Stargate  
  41  5:05  Nexus  
  41  5:12  Pylon  
  41  5:16  Pylon  
  41  5:30  Void Ray (Chrono Boost)  
  41  5:33  Zealot  
  47  6:02  Photon Cannon  
  47  6:05  Photon Cannon  
  47  6:07  Photon Cannon  
  47  6:09  Photon Cannon  
  47  6:13  Assimilator  
  47  6:20  Probe  
  48  6:29  Void Ray (Chrono Boost)  
  48  6:32  Probe  
  53  6:43  Probe  
  53  6:47  Assimilator  
  53  6:53  Probe  
  58  7:04  Void Ray (Chrono Boost)  
  58  7:10  Protoss Air Armor Level 1 (Chrono Boost)  
  58  7:11  Protoss Shields Level 1  
  58  7:14  Probe  
  59  7:26  Probe  
  60  7:38  Probe  
  61  7:50  Probe  
  62  7:53  Pylon  
  62  7:56  Stargate  
  62  8:33  Probe (Chrono Boost)  
  63  8:40  Fleet Beacon  
  63  8:43  Photon Cannon  
  63  8:44  Probe (Chrono Boost)  
  63  8:45  Photon Cannon  
  64  8:48  Photon Cannon  
  64  8:51  Pylon  
  64  8:54  Probe (Chrono Boost)  
  65  8:55  Void Ray  
  69  9:05  Probe (Chrono Boost)  
  70  9:15  Probe (Chrono Boost)  
  71  9:26  Probe (Chrono Boost)  
  72  9:37  Probe (Chrono Boost)  
  69  10:13  Void Ray x3  
  77  10:18  Protoss Air Weapons Level 2 (Chrono Boost)  
  77  10:35  Twilight Council  
  77  10:37  Pylon  
  77  10:41  Pylon  
  77  10:44  Graviton Catapult  
  77  11:03  Void Ray x2  
  85  11:17  Robotics Facility  
  85  12:12  Protoss Air Armor Level 2 (Chrono Boost)  
  73  12:34  Void Ray x3  
  72  12:37  Stalker (Chrono Boost)  
  52  12:50  Probe  
  53  13:04  Stalker (Chrono Boost)  
  55  13:16  Void Ray  
  55  13:17  Void Ray  
  55  13:19  Void Ray  
  67  13:42  Protoss Shields Level 2 (Chrono Boost)  
  67  14:17  Anion Pulse-Crystals (Chrono Boost)  
  65  14:24  Carrier x2  
  72  15:02  Void Ray  
  56  15:45  Void Ray  
  56  15:47  Probe  
  60  15:50  Void Ray x2  
  68  15:57  Probe  
  69  16:16  Protoss Air Weapons Level 3  
  69  16:28  Void Ray  
  73  16:33  Phoenix  
  73  16:39  Nexus  
  75  16:45  Phoenix  
  69  17:25  Assimilator  
  69  17:30  Assimilator  
  69  17:39  Nexus  
  69  18:03  Phoenix  
  69  18:04  Phoenix x2  
  48  19:29  Void Ray  
  48  19:30  Void Ray x2  
  54  20:17  Void Ray x2  
  62  20:26  Void Ray  
Tags
 
Add a new tag
Caveats
  • Supply blocks, unpowered buildings, or Contaminate may cause inaccurate times.
  • Supply counts are checked every 10 seconds.